Map: Disco Bloodbath LE

Players

Fitz

  • Race: Terran Terran
  • League: Master
  • Spawn Location: 3:00

Mez - Winner!

  • Race: Terran Terran
  • League: Master
  • Spawn Location: 9:00

VOD

Have the link to the VOD?

Description

Time

  • Played on: Aug. 23, 2019, 1:21 p.m.
  • Length: 9:15
Show
View Real Time Build Order
Export as new Build Order

Fitz Terran 

Build Orders:  

Get SALT Encoding   

  12  0:00  SCV  
  13  0:12  SCV  
  14  0:18  Supply Depot  
  14  0:25  SCV  
  16  0:44  Barracks  
  16  0:45  Refinery  
  15  1:01  SCV  
  15  1:02  Barracks  
  16  1:13  SCV  
  18  1:31  Barracks Tech Lab  
  18  1:33  Orbital Command  
  17  1:48  Barracks Tech Lab  
  17  1:50  Marauder  
  19  1:57  Concussive Shells  
  19  1:58  Supply Depot  
  19  2:04  SCV  
  19  2:07  Marauder  
  22  2:18  SCV, Refinery  
  22  2:20  Marauder  
  25  2:27  Supply Depot  
  25  2:31  SCV  
  28  2:37  Marauder  
  28  2:45  Marauder  
  32  2:58  Marauder  
  32  3:03  SCV  
  32  3:06  Marauder  
  28  3:20  Marauder  
  15  4:32  Orbital Command  
  15  5:21  Supply Depot  
  17  5:42  Marauder  
  17  5:48  Marauder  
  19  6:10  Marauder  
  21  6:28  Marauder  
  23  6:56  Supply Depot  
  23  7:22  Supply Depot  
  23  7:40  Orbital Command  
  23  8:37  Supply Depot  
  23  8:58  SCV  
Show
View Real Time Build Order
Export as new Build Order

Mez Terran - Winner!

Build Orders:  

Get SALT Encoding   

  12  0:00  SCV  
  13  0:13  SCV  
  14  0:17  Supply Depot  
  14  0:25  SCV  
  15  0:38  SCV  
  15  0:39  Barracks  
  16  0:45  Refinery  
  16  0:56  Barracks  
  16  1:11  Barracks  
  16  1:17  Refinery  
  16  1:27  Reaper  
  17  1:39  Orbital Command  
  17  1:44  Reaper  
  18  1:59  Reaper  
  19  2:03  Reaper  
  19  2:06  SCV  
  21  2:18  SCV  
  22  2:24  Reaper  
  23  2:30  Supply Depot  
  23  2:53  Command Center  
  23  2:57  Reaper x3  
  18  3:29  Reaper x3  
  12  4:53  Orbital Command  
  12  5:20  SCV  
  13  5:32  SCV  
  14  5:47  SCV  
  15  5:51  Refinery  
  15  5:56  Marine  
  16  5:59  SCV  
  16  6:02  Command Center  
  16  6:11  Refinery  
  15  6:15  SCV  
  16  6:27  SCV  
  16  6:31  Factory  
  16  6:39  SCV  
  14  6:40  Marine  
  15  7:00  Marine  
  16  7:22  Starport  
  16  7:32  Barracks Tech Lab  
  15  8:12  Banshee  
  15  8:19  SCV  
  19  8:33  SCV  
  20  8:41  Marine  
  20  8:42  Factory Tech Lab  
Tags
 
Add a new tag
Caveats
  • Supply blocks, unpowered buildings, or Contaminate may cause inaccurate times.
  • Supply counts are checked every 10 seconds.